 Dungeon Crawl Stone Soup version 0.32-a0-673-g3729bd50f8 (webtiles) character file.

Game seed: 14970923580106273315

3535 Aldia the Cleaver (level 9, -8/75 HPs)
             Began as a Mountain Dwarf Necromancer on Mar 11, 2024.
             Was an Initiate of Qazlal.
             Mangled by a gargoyle
             ... wielding a +6 flail
              (22 damage)
             ... on level 7 of the Dungeon.
             The game lasted 00:19:00 (7873 turns).

Aldia the Cleaver (Mountain Dwarf Necromancer)      Turns: 7873, Time: 00:19:00

Health: -8/75      AC: 15    Str: 12    XL:     9   Next: 82%
Magic:  16/16      EV: 15    Int: 22    God:    Qazlal [......]
Gold:   238        SH:  9    Dex: 10    Spells: 7/18 levels left

rFire   + . .        M - +2 broad axe (venom)
rCold   + . .        H - +0 buckler
rNeg    . . .        C - +4 ring mail of Xutitwusy {rC+ Int+3 Stlth+}
rPois   .            K - +0 helmet
rElec   .            G - +1 cloak
rCorr   .            a - +1 pair of gloves
SInv    .            (no boots)
Will    .....        k - amulet of reflection
Stlth   ++           A - +5 ring of evasion
HPRegen 0.32/turn    P - ring of protection from fire
MPRegen 0.15/turn

%: reflection
@: no status effects
A: runic magic, artefact enchanting
a: Renounce Religion


You were on level 7 of the Dungeon.
You worshipped Qazlal.
Qazlal was noncommittal.
You visited 2 branches of the dungeon, and saw 8 of its levels.
You also visited: Sewer.

You collected 238 gold pieces.

Inventory:

Hand Weapons
 v - a +2 hammer of holy wrath
 M - a +2 broad axe of venom (weapon)
Missiles
 c - 4 throwing nets
Armour
 a - a +1 pair of gloves (worn)
 g - a +0 plate armour
 C - the +4 ring mail of Xutitwusy (worn) {rC+ Int+3 Stlth+}
   (You found it on level 3 of the Dungeon)

   Int+3:     It affects your intelligence (+3).
   rC+:       It protects you from cold.
   Stlth+:    It makes you more stealthy.
 G - a +1 cloak (worn)
 H - a +0 buckler (worn)
 I - a +0 kite shield
 K - a +0 helmet (worn)
Magical Staves
 j - a staff of earth
Jewellery
 k - an amulet of reflection (around neck)
 A - a +5 ring of evasion (left hand)
 P - a ring of protection from fire (right hand)
Wands
 m - a wand of digging (7)
 n - a wand of charming (11)
 t - a wand of flame (13)
Scrolls
 p - a scroll of fear {unknown}
 q - a scroll of torment {unknown}
 w - 2 scrolls of noise
 y - a scroll of silence {unknown}
 z - a scroll of brand weapon {unknown}
 E - a scroll of blinking
 F - a scroll of vulnerability {unknown}
 L - a scroll of revelation
 N - a scroll of amnesia {unknown}
 O - a scroll of teleportation {unknown}
Potions
 b - 4 potions of magic
 d - 5 potions of curing
 f - a potion of lignification
 h - 3 potions of invisibility
 i - 4 potions of mutation
 o - 2 potions of attraction
 r - a potion of resistance {unknown}
 s - 2 potions of heal wounds {unknown}
 x - 2 potions of cancellation {unknown}
 B - 3 potions of brilliance
 D - a potion of might {unknown}
 J - 2 potions of berserk rage


   Skills:
 + Level 5.8 Fighting
 * Level 8.2 Axes
 + Level 5.4 Armour
 - Level 1.3 Dodging
 - Level 1.4 Stealth
 - Level 4.0 Shields
 - Level 5.0 Spellcasting
 - Level 8.0 Necromancy
 + Level 3.6 Invocations


You had 7 spell levels left.
You knew the following spells:

 Your Spells              Type           Power      Damage    Failure   Level
a - Necrotise             Necr           100%       1d9       1%          1
b - Vampiric Draining     Necr           40%        2d8       1%          3
c - Animate Dead          Necr           40%        N/A       6%          4
d - Fugue of the Fallen   Necr           40%        N/A       1%          3

Your spell library contained the following spells:

 Spells                   Type           Power      Damage    Failure   Level
 Curse of Agony           Necr           40%        N/A       17%         5
 Hailstorm                Conj/Ice       5%         3d5       43%         3
 Ozocubu's Armour         Ice            5%         N/A       43%         3
 Summon Ice Beast         Ice/Summ       5%         N/A       43%         3
 Manifold Assault         Tloc           5%         N/A       85%         4
 Olgreb's Toxic Radiance  Alch           5%         N/A       85%         4
 Sculpt Simulacrum        Ice/Alch       2%         N/A       100%        6
 Ozocubu's Refrigeration  Ice            2%         4d8       100%        7
 Discord                  Hex            2%         N/A       100%        8
 Polar Vortex             Ice            2%         N/A       100%        9


Dungeon Overview and Level Annotations

Branches:
Dungeon (7/15)             Temple (1/1) D:7           Sewer (visited)

Altars:
Ashenzari
Dithmenos
Fedhas
Gozag
Hepliaklqana
Kikubaaqudgha
Makhleb
Nemelex Xobeh
Qazlal
Ru
Trog
Vehumet
Xom
Yredelemnul
Zin
The Shining One
Ignis

Annotations:
D:2 1 runed translucent door, Crazy Yiuf


Innate Abilities, Weirdness & Mutations

Your spellcasting is much less encumbered by armour.
You can use scrolls of enchantment on lesser artefacts.


Message History

The gargoyle barely misses you.
You hit the gargoyle but do no damage.
The gargoyle is moderately damaged.
The gargoyle hits you with a +6 flail!
You hit the gargoyle but do no damage.
The gargoyle is moderately damaged.
The gargoyle hits you with a +6 flail!!
You barely miss the gargoyle.
The gargoyle is moderately damaged.
The gargoyle barely misses you. The gargoyle misses you.
You hit the gargoyle but do no damage.
The gargoyle is moderately damaged.
You block the gargoyle's attack.
You slash the gargoyle!
The gargoyle is heavily damaged.
You block the gargoyle's attack.
You barely miss the gargoyle.
The gargoyle is heavily damaged.
The gargoyle closely misses you.
You hit the gargoyle but do no damage.
The gargoyle is heavily damaged.
The gargoyle hurls a stone arrow at you.
The stone arrow misses you.
Okay, then.
You barely miss the gargoyle.
The gargoyle is heavily damaged.
The gargoyle misses you.
The gargoyle hurls a stone arrow at you.
The stone arrow hits you!!
* * * LOW HITPOINT WARNING * * *
You hit the gargoyle but do no damage.
The gargoyle is heavily damaged.
You block the gargoyle's attack.
As you read the scroll labelled RUAKAV OTECS, it crumbles to dust.
The creatures around you are filled with an inner flame!
It was a scroll of immolation.
You block the gargoyle's attack.
You hit the gargoyle but do no damage.
The gargoyle is heavily damaged.
The gargoyle hits you with a +6 flail!!
You die...

,,**#*,**##,,,####,,##.'.........
*,,*)..*,#.,###..###,#.#.........
**,*}")..#.##......###...........
,,,,,,#CT..C...#...)...#.........
**,*.9).9###......##.#.#...<.....
*,,*.#.,,#.###..###..#.#.........
,,****,***#..####...##.#....#+##.
,***,*,*,**#.......##..#....#..#.
***,,*,*,,**#...@.##........#..#.
**,*,*,*,*,*###9###.........#..#.
*,,,,*,*,,,,*,##).#.........#..'.
*****,*,*****#..#)#.........'..#.
,,,,,#*#,,,,,#...#9....)....#..#.
*****.#.****#.#.#.#.........####.
*,,,,#.#,,,,#..#..#.........#,,#.
#*,*,#.#,*,########.........#,,#.
.#*,,#.#,,##................#,,#.


You could see a gargoyle (inner flame).

Vanquished Creatures
  A manticore (D:7)
  Maggie (D:6)
  Sigmund (D:2)
  A steam dragon (D:7)
  Menkaure (D:6)
  Duvessa (D:6)
  2 ice beasts
  A sky beast (D:6)
  A centaur (D:7)
  An ogre (D:5)
  4 kobold brigands
  A phantom (D:7)
  2 bullfrogs (D:7)
  A gnoll sergeant (D:5)
  3 scorpions
  Dowan (D:6)
  A jelly (D:7)
  A howler monkey (D:4)
  A gnoll bouda (D:6)
  2 bombardier beetles
  2 hounds
  5 iguanas
  Natasha (thrice) (D:2)
  An orc wizard (D:7)
  Terence (D:2)
  18 gnolls
  2 river rats (Sewer)
  11 adders
  2 shadow imps
  4 dart slugs
  3 ribbon worms
  7 orcs
  9 ball pythons
  5 bats
  5 endoplasms
  6 giant cockroaches
  8 goblins
  8 hobgoblins
  4 jackals (D:1)
  2 quokkas
  4 frilled lizards (D:3)
  6 kobolds
  10 rats
154 creatures vanquished.

Vanquished Creatures (collateral kills)
  A scorpion (D:5)
  A howler monkey (D:5)
  A bombardier beetle (D:5)
  2 hounds (D:4)
  An iguana (D:7)
  4 gnolls
  2 adders
  A ribbon worm (D:5)
  An orc (D:3)
  A bat (D:1)
  3 goblins
  A hobgoblin (D:3)
  4 frilled lizards (D:3)
  A rat (D:2)
24 creatures vanquished.

Vanquished Creatures (others)
  5 gnoll zombies
5 creatures vanquished.

Grand Total: 183 creatures vanquished

Notes
Turn   | Place    | Note
-------+----------+-------------------------------------------
     0 | D:1      | Aldia the Mountain Dwarf Necromancer began the quest for
                  | the Orb.
     0 | D:1      | Reached XP level 1. HP: 14/14 MP: 3/3
   393 | D:1      | Reached XP level 2. HP: 22/22 MP: 0/4
   458 | D:1      | Found a faded altar of an unknown god.
   584 | D:1      | Reached skill level 1 in Fighting
  1143 | D:2      | Reached skill level 5 in Necromancy
  1143 | D:2      | Reached XP level 3. HP: 26/28 MP: 1/6
  1380 | D:2      | Learned a level 3 spell: Vampiric Draining
  1452 | D:2      | Noticed Natasha
  1457 | D:2      | Killed Natasha
  1458 | D:2      | Reached XP level 4. HP: 36/36 MP: 0/7
  1611 | D:2      | Noticed Sigmund
  1627 | D:2      | Killed Sigmund
  1628 | D:2      | Reached XP level 5. HP: 31/44 MP: 1/9
  1687 | D:2      | Learned a level 4 spell: Animate Dead
  1903 | D:2      | Noticed Terence
  1908 | D:2      | Killed Terence
  1909 | D:2      | Reached XP level 6. HP: 46/50 MP: 5/10
  2072 | D:2      | Found a runed translucent door.
  2073 | D:2      | Noticed Crazy Yiuf
  2093 | D:2      | Noticed Natasha
  2098 | D:2      | Killed Natasha
  2193 | D:2      | Noticed Natasha
  2195 | D:2      | Killed Natasha
  2200 | D:2      | Learned a level 3 spell: Fugue of the Fallen
  2294 | D:3      | Found a radiant altar of Vehumet.
  2444 | D:3      | Reached skill level 1 in Armour
  2745 | D:3      | Found a sacrificial altar of Ru.
  2902 | D:3      | Identified the +4 ring mail of Xutitwusy {rC+ Int+3 Stlth+}
  3232 | D:3      | Found a basalt altar of Yredelemnul.
  3429 | D:4      | Reached XP level 7. HP: 31/57 MP: 3/12
  3432 | D:4      | Reached skill level 1 in Axes
  3971 | D:5      | Entered Level 5 of the Dungeon
  4496 | D:5      | Reached skill level 1 in Shields
  4502 | D:5      | Found a glowing drain.
  4524 | Sewer    | Entered a sewer
  4548 | Sewer    | Reached XP level 8. HP: 66/66 MP: 14/14
  5847 | D:6      | Noticed Menkaure
  5854 | D:6      | Killed Menkaure
  6030 | D:6      | Noticed Duvessa
  6033 | D:6      | Noticed Dowan
  6041 | D:6      | Killed Duvessa
  6053 | D:6      | Killed Dowan
  6221 | D:6      | Reached skill level 5 in Axes
  6276 | D:6      | Noticed Maggie
  6296 | D:6      | HP: 2/66 [Maggie/bolt of fire (16)]
  6302 | D:6      | Killed Maggie
  6303 | D:6      | Reached XP level 9. HP: 11/72 MP: 0/16
  6638 | D:6      | Reached skill level 5 in Spellcasting
  6937 | D:6      | Found a stormy altar of Qazlal.
  7159 | D:7      | Found a staircase to the Ecumenical Temple.
  7284 | D:6      | Became a worshipper of Qazlal Stormbringer
  7358 | D:7      | Reached skill level 5 in Fighting
  7361 | D:7      | Reached skill level 1 in Invocations
  7395 | Temple   | Entered the Ecumenical Temple
  7594 | D:7      | Noticed a manticore
  7604 | D:7      | Killed a manticore
  7605 | D:7      | Reached skill level 5 in Armour
  7606 | D:7      | Noticed a cyclops
  7607 | D:7      | Noticed a troll
  7608 | D:7      | Noticed a gargoyle
  7608 | D:7      | Noticed a cyclops
  7873 | D:7      | Mangled by a gargoyle

Illustrated notes

Levels and vault maps discovered:
D:1:      wander_arrival_estate, layout_loops_ring,
          shapermc_ecumenical_altar_flowoftime
D:2:      layout_loops_ring, uniq_natasha, uniq_sigmund, uniq_terence,
          uniq_crazy_yiuf_cottage
D:3:      layout_basic, fiery_altar_vehumet, lemuel_doored_altar,
          lemuel_coloured_pillars_altar, minmay_lizard_king
D:4:      layout_cave_pools
D:5:      layout_layer_cave, cheibrodos_sewer_entry_bend,
          minmay_misc_feat_encased
D:6:      layout_loops_corners, nicolae_qazlal_eye_of_the_storm,
          nicolae_fountain_basement, uniq_menkaure, uniq_duvessa, uniq_maggie
D:7:      minmay_the_grid_octo_tiled_squarecenter [minmay_the_grid_octo_horde,
          minmay_the_grid_octo_checkerflower, minmay_the_grid_octo_odd_swirl,
          minmay_the_grid_octo_clover,
          minmay_the_grid_square_5x5_megaprize_crossed,
          minmay_the_grid_square_5x5_shrine1,
          minmay_the_grid_square_5x5_three_walls,
          minmay_the_grid_square_5x5_checkered,
          minmay_the_grid_square_5x5_corner], layout_gridville,
          minmay_temple_entry_crystal_x
Temple:   ebering_untended_altars

Skill      XL: |  1  2  3  4  5  6  7  8  9 |
---------------+----------------------------+-----
Spellcasting   | 2 3 4 5 |  5.0
Fighting       | 1 2 3 4 5 |  5.8
Necromancy     | 5 6 7 8 |  8.0
Armour         | 1 3 4 5 |  5.4
Axes           | 2 5 8 |  8.2
Shields        | 1 3 4 |  4.0
Invocations    | 3 |  3.6
Dodging        | |  1.3
Stealth        | |  1.4

Action                     |  1- 3 |  4- 6 |  7- 9 || total
---------------------------+-------+-------+-------++-------
  Melee: Unarmed           |    16 |       |       ||    16
         Staff             |     2 |       |       ||     2
         War axe           |       |    32 |   149 ||   181
         Broad axe         |       |       |   131 ||   131
   Cast: Necrotise         |    57 |    89 |    97 ||   243
         Animate Dead      |       |     1 |     5 ||     6
         Fugue of the Fall |       |       |     2 ||     2
         Vampiric Draining |       |       |     4 ||     4
  Evoke: Wand              |       |       |     1 ||     1
    Use: Scroll            |     1 |     4 |     6 ||    11
         Potion            |       |     1 |     3 ||     4
   Stab: Sleeping          |       |       |     3 ||     3
         Distracted        |       |       |     2 ||     2
 Armour: Robe              |     6 |       |       ||     6
         Leather armour    |     8 |     1 |       ||     9
         Ring mail         |       |    47 |   140 ||   187
  Dodge: Dodged            |    10 |    40 |   181 ||   231
  Block: Other             |     1 |    22 |    14 ||    37
         Reflection        |       |     5 |     4 ||     9
         Buckler           |       |       |   140 ||   140

Table legend: (Time is in decaauts)
 A = Elapsed time spent in this place.
 B = Non-inter-level travel time spent in this place.
 C = Inter-level travel time spent in this place.
 D = Time resting spent in this place.
 E = Time spent auto-exploring this place.
 F = Levels seen in this place.
 G = Mean time per level.
                   A        B        C        D        E       F      G
               +--------+--------+--------+--------+--------+-----+--------+
         Total |   8068 |   7667 |    401 |    257 |   5665 |   9 |  896.4 |
       Dungeon |   7389 |   6988 |    401 |    187 |   5279 |   7 | 1055.6 |
        Temple |      1 |      1 |      0 |      0 |      0 |   1 |    1.0 |
         Sewer |    677 |    677 |      0 |     70 |    386 |   1 |  677.0 |
               +--------+--------+--------+--------+--------+-----+--------+

Top non-repeatable levels by time:
     D:6: 1478 daAuts
     D:5: 1276 daAuts
     D:1: 1124 daAuts
     D:2: 1087 daAuts
     D:3: 1073 daAuts
     D:4: 733 daAuts
   Sewer: 677 daAuts
     D:7: 617 daAuts
  Temple: 1 daAuts
